Map: Abyssal Reef LE

Players

Vlign

  • Race: Terran Terran
  • League: Diamond
  • Spawn Location: 11:00

A.I. 1 (Elite) - Winner!

  • Race: Zerg Zerg
  • Spawn Location: 5:00

VOD

Have the link to the VOD?

Description

Time

  • Played on: July 18, 2018, 12:03 a.m.
  • Length: 3:34
Show
View Real Time Build Order
Export as new Build Order

Vlign Terran 

Build Orders: Cyclone Opening 

Get SALT Encoding   

  12  0:01  SCV  
  13  0:13  SCV  
  14  0:29  Supply Depot  
  14  0:30  SCV  
  14  0:34  Refinery  
  15  0:51  SCV  
  16  0:58  Barracks  
  16  1:03  SCV  
  17  1:15  SCV  
  18  1:18  Refinery  
  18  1:27  SCV  
  20  1:46  Orbital Command  
  19  1:47  Reaper  
  19  1:51  Factory  
  20  2:02  Supply Depot  
  20  2:13  SCV  
  21  2:25  SCV  
  21  2:27  Command Center, Reaper  
  23  2:36  Hellion  
  25  2:37  SCV  
  26  2:44  Supply Depot  
  26  2:49  SCV  
  27  2:57  Cyclone  
  30  3:06  SCV  
  30  3:07  Barracks Tech Lab  
  30  3:10  Ghost Academy  
  31  3:18  SCV  
  32  3:25  Refinery  
Show
View Real Time Build Order
Export as new Build Order

A.I. 1 (Elite) Zerg - Winner!

Build Orders: Pool First 

Get SALT Encoding   

  12  0:00  Drone  
  13  0:12  Overlord  
  13  0:16  Drone  
  14  0:31  Drone x2  
  16  0:42  Spawning Pool  
  15  0:45  Drone  
  15  0:48  Drone  
  17  1:13  Hatchery, Drone  
  17  1:16  Extractor  
  16  1:19  Drone  
  16  1:21  Extractor  
  16  1:25  Drone  
  17  1:29  Drone  
  17  1:38  Drone  
  19  1:49  Overlord  
  19  1:56  Queen  
  21  2:01  Zergling x2  
  22  2:11  Drone  
  23  2:25  Queen  
  23  2:28  Drone  
  26  2:35  Drone  
  27  2:40  Drone  
  29  2:44  Drone  
  29  2:57  Roach Warren  
  28  3:00  Drone  
  28  3:02  Drone  
  30  3:07  Zergling x2  
  30  3:10  Zergling x2  
  32  3:16  Overlord  
  32  3:19  Drone  
Tags
 
Add a new tag
Caveats
  • Supply blocks, unpowered buildings, or Contaminate may cause inaccurate times.
  • Supply counts are checked every 10 seconds.